 Dungeon Sprint DCSS version 0.28-a0-1236-gb25a51b929 (webtiles) character file.

Game seed: 8542244788885385084

432 rocky1 the Spear-Bearer (level 6, 0/53 HPs)
             Began as a Minotaur Gladiator on Dec 26, 2021.
             Was a Believer of Okawaru.
             Slain by a chaos spawn (2 damage)
             ... while petrified by a chaos spawn
             ... in the Dungeon (Sprint VII: "The Pits").
             The game lasted 00:03:31 (555 turns).

rocky1 the Spear-Bearer (Minotaur Gladiator)         Turns: 555, Time: 00:03:32

Health: 0/53       AC: 12    Str: 19    XL:     6   Next: 67%
Magic:  10/10      EV:  2    Int:  7    God:    Okawaru [**....]
Gold:   0          SH:  0    Dex: 11    Spells: 5/5 levels left

rFire   . . .      SeeInvis .   m - +2 trident (vorpal)
rCold   . . .      Faith    .   (no shield)
rNeg    + + +      Spirit   .   a - +3 chain mail
rPois   ∞          Reflect  .   c - +0 hat
rElec   .          Harm     .   (no cloak)
rCorr   .          Rampage  .   (no gloves)
Will    .....      NoTele   +   (no boots)
Stlth   ..........              (no amulet)
HPRegen 0.17/turn               (no ring)
MPRegen 0.12/turn               (no ring)

@: petrified
A: horns 2, retaliatory headbutt
a: Renounce Religion, Heroism


You were in the Dungeon.
You worshipped Okawaru.
Okawaru was pleased with you.
You visited 1 branch

Inventory:

Hand Weapons
 b - a +1 long sword of flaming
 m - a +2 vorpal trident (weapon)
Missiles
 d - 3 throwing nets (quivered)
Armour
 a - a +3 chain mail (worn)
 c - a +0 hat (worn)
Scrolls
 j - a scroll of blinking
 l - 5 scrolls of amnesia
Potions
 e - 6 potions of curing
 f - 5 potions of heal wounds
 g - a potion of haste
 h - 4 potions of magic
 i - 3 potions of berserk rage
 k - 2 potions of invisibility


   Skills:
 - Level 4.4 Fighting
 + Level 7.2 Long Blades
 + Level 11.3 Polearms
 - Level 3.1(3.5) Slings
 - Level 2.0(2.7) Throwing
 - Level 3.4 Armour
 - Level 5.0 Dodging
 + Level 6.8 Invocations


You had 5 spell levels left.
You didn't know any spells.
Your spell library was empty.

Dungeon Overview and Level Annotations

Branches:
Dungeon (1/1)

Altars:
Ashenzari
Cheibriados
Dithmenos
Elyvilon
Fedhas
Gozag
Hepliaklqana
Kikubaaqudgha
Makhleb
Nemelex Xobeh
Okawaru
Qazlal
Ru
Sif Muna
Trog
Uskayaw
Vehumet
Wu Jian
Xom
Yredelemnul
Zin
The Shining One
Beogh
Jiyva
Lugonu


Innate Abilities, Weirdness & Mutations

You have a pair of horns on your head.
You reflexively headbutt those who attack you in melee.


Message History

The chaos spawn is moderately wounded.
You bump into the metal wall.
The chaos spawn hits you but does no damage.
You barely miss the chaos spawn.
The chaos spawn is moderately wounded.
The chaos spawn hits you!
* * * LOW HITPOINT WARNING * * *
You bump into the metal wall.
The chaos spawn gores you but does no damage.
You bump into the metal wall.
The chaos spawn hits you but does no damage.
You feel much better. The chaos spawn misses you.
Unknown command.
You are too confused!
The chaos spawn hits you but does no damage.
There is an open door, spattered with blood here.
Things that are here:
a +0 club; a gnoll corpse You bump into the metal wall.
The chaos spawn gores you but does no damage.
You barely miss the chaos spawn.
The chaos spawn is lightly wounded.
The chaos spawn gores you.
You are slowing down.
You bump into the metal wall.
You feel less confused. The chaos spawn barely misses you.
Your limbs are stiffening.
The chaos spawn hits you.
You are engulfed in flames!
You have turned to stone.
The chaos spawn gores you. The chaos spawn freezes you!
* * * LOW HITPOINT WARNING * * *
The chaos spawn gores you!
* * * LOW HITPOINT WARNING * * *
The chaos spawn freezes you!
* * * LOW HITPOINT WARNING * * *
The chaos spawn hits you.
* * * LOW HITPOINT WARNING * * *
The chaos spawn shocks you.
* * * LOW HITPOINT WARNING * * *
The chaos spawn hits you.
You die...

#.#........##.......#
#)###########.......#
#)).....# #########
#))###..# #.......#
##.###.##+#
#.......#.+
#..###..#'#
#......@4.#
###########


You could see a chaos spawn.

Vanquished Creatures
  A floating eye (D)
  A black bear (D)
  A gnoll sergeant (D)
  A jelly (D)
  2 orc priests (D)
  A mummy (D)
  2 adders (D)
  4 gnolls (D)
  An orc (D)
  An endoplasm (D)
  A hobgoblin (D)
  A quokka (D)
  A ball python (D)
  A ball python zombie (D)
  A quokka zombie (D)
  A rat (D)
21 creatures vanquished.

Notes
Turn   | Place    | Note
-------+----------+-------------------------------------------
     0 | D        | rocky1 the Minotaur Gladiator began the quest for the Orb.
     0 | D        | Reached XP level 1. HP: 18/18 MP: 0/0
    15 | D        | Reached skill level 4 in Polearms
    18 | D        | Found a bloodstained altar of Trog.
    18 | D        | Found a shimmering blue altar of Sif Muna.
    18 | D        | Found a viscous altar of Jiyva.
    18 | D        | Found a hazy altar of Hepliaklqana.
    18 | D        | Found an opulent altar of Gozag.
    19 | D        | Found a glowing golden altar of the Shining One.
    19 | D        | Found a glowing silver altar of Zin.
    19 | D        | Found a basalt altar of Yredelemnul.
    19 | D        | Found a shimmering altar of Xom.
    19 | D        | Found an ornate altar of the Wu Jian Council.
    19 | D        | Found a sacrificial altar of Ru.
    19 | D        | Found a stormy altar of Qazlal.
    19 | D        | Found an iron altar of Okawaru.
    19 | D        | Found a sparkling altar of Nemelex Xobeh.
    19 | D        | Found a burning altar of Makhleb.
    19 | D        | Found a blossoming altar of Fedhas.
    19 | D        | Found a white marble altar of Elyvilon.
    19 | D        | Found a shadowy altar of Dithmenos.
    19 | D        | Found a snail-covered altar of Cheibriados.
    22 | D        | Found a corrupted altar of Lugonu.
    22 | D        | Found a radiant altar of Vehumet.
    23 | D        | Found an ancient bone altar of Kikubaaqudgha.
    23 | D        | Found a hide-covered altar of Uskayaw.
    23 | D        | Found a broken altar of Ashenzari.
    27 | D        | Became a worshipper of Warmaster Okawaru
    76 | D        | Reached skill level 5 in Polearms
    81 | D        | Reached skill level 6 in Polearms
    81 | D        | Reached XP level 2. HP: 25/25 MP: 1/1
    85 | D        | Reached skill level 7 in Polearms
   189 | D        | Noticed a floating eye
   196 | D        | Killed a floating eye
   197 | D        | Reached skill level 8 in Polearms
   197 | D        | Reached skill level 5 in Dodging
   197 | D        | Reached XP level 3. HP: 34/34 MP: 1/4
   197 | D        | Reached XP level 4. HP: 41/41 MP: 1/5
   326 | D        | Noticed a gnoll sergeant
   326 | D        | Noticed a black bear
   327 | D        | Reached * piety under Okawaru
   328 | D        | Reached skill level 1 in Long Blades
   328 | D        | Reached XP level 5. HP: 47/47 MP: 6/6
   336 | D        | Reached skill level 9 in Polearms
   348 | D        | Killed a black bear
   349 | D        | Reached skill level 10 in Polearms
   349 | D        | Reached skill level 5 in Invocations
   349 | D        | Reached XP level 6. HP: 33/53 MP: 6/9
   367 | D        | Reached ** piety under Okawaru
   368 | D        | Reached skill level 11 in Polearms
   537 | D        | Noticed a chaos spawn
   554 | D        | HP: 2/53 [chaos spawn (3)]
   555 | D        | Slain by a chaos spawn

Illustrated notes

Levels and vault maps discovered:
D:        pitsprint [storerooms_1, entrance_room_1, metal_vault_5, armoury_1,
          mini_pit_1, grid_room_1, main_hall_1, silver_pit, the_coven_3,
          the_vestibule_1, steel_vault_4, golden_pit, hallway_of_sentries,
          crystal_vault_2, iron_vault_1, final_vault]

Skill      XL: |  1  2  3  4  5  6 |
---------------+-------------------+-----
Polearms       | 6 8 10 11 | 11.3
Fighting       | 4 |  4.4
Slings         | 3 |  3.1
Armour         | 3 |  3.4
Dodging        | 5 |  5.0
Invocations    | 2 3 5 6 |  6.8
Long Blades    | 1 6 7 |  7.2
Throwing       | |  2.0

Action                   |  1- 3 |  4- 6 || total
-------------------------+-------+-------++-------
Melee: Trident           |    13 |    45 ||    58
       Headbutt          |       |     2 ||     2
  Use: Potion            |       |     1 ||     1
 Stab: Sleeping          |     2 |       ||     2
Armor: Leather armour    |     1 |       ||     1
       Chain mail        |       |    15 ||    15
Dodge: Dodged            |     7 |    10 ||    17

Table legend: (Time is in decaauts)
 A = Elapsed time spent in this place.
 B = Non-inter-level travel time spent in this place.
 C = Inter-level travel time spent in this place.
 D = Time resting spent in this place.
 E = Time spent auto-exploring this place.
 F = Levels seen in this place.
 G = Mean time per level.
                   A        B        C        D        E       F      G
               +--------+--------+--------+--------+--------+-----+--------+
         Total |    545 |    524 |     21 |    290 |      0 |   1 |  545.0 |
       Dungeon |    545 |    524 |     21 |    290 |      0 |   1 |  545.0 |
               +--------+--------+--------+--------+--------+-----+--------+

Top non-repeatable levels by time:
       D: 545 daAuts
